 Dungeon Crawl Stone Soup version 0.28-a0-973-ga7f8b01127 (webtiles) character file.

Game seed: 7502059403434357353

2113 Zonian the Poker (level 9, -2/103 HPs)
             Began as a Demonspawn Gladiator on Dec 2, 2021.
             Was an Initiate of Gozag.
             Slain by a hornet (9 damage)
             ... on level 6 of the Dungeon.
             The game lasted 00:13:54 (8595 turns).

Zonian the Poker (Demonspawn Gladiator)             Turns: 8595, Time: 00:13:56

Health: -2/103     AC:  7    Str: 15    XL:     9   Next: 8%
Magic:  9/9        EV: 20    Int:  9    God:    Gozag
Gold:   159        SH:  7    Dex: 19    Spells: 8/8 levels left

rFire   + + .      SeeInvis .   i - +1 trident (freeze)
rCold   . . .      Faith    .   e - +1 buckler {rF+}
rNeg    . . .      Spirit   .   b - +1 leather armour
rPois   .          Reflect  .   (helmet restricted)
rElec   .          Harm     .   (no cloak)
rCorr   .          Rampage  .   s - +0 pair of gloves
Will    .....                   (no boots)
Stlth   ..........              l - amulet of the acrobat
HPRegen 0.27/turn               m - ring of protection from fire
MPRegen 0.11/turn               (no ring)

@: agile, berserking, lethally poisoned (-2 -> -15), slowed
A: antennae 1, thin metallic scales 1, ignite blood 1, powered by pain 2
a: Renounce Religion, Potion Petition, Call Merchant, Bribe Branch


You were on level 6 of the Dungeon.
You worshipped Gozag.
Gozag was aware of your devotion.
You visited 1 branch of the dungeon, and saw 6 of its levels.

You collected 302 gold pieces.
You spent 95 gold pieces at shops.
You paid 48 gold pieces to Gozag.

Inventory:

Hand Weapons
 a - a +0 trident
 i - a +1 trident of freezing (weapon)
 n - a +1 dagger of venom
 r - a +0 rapier of venom
Armour
 b - a +1 leather armour (worn)
 c - a +0 helmet
 e - a +1 buckler of fire resistance (worn)
 s - a +0 pair of gloves (worn)
Jewellery
 l - an amulet of the acrobat (around neck)
 m - a ring of protection from fire (left hand)
Wands
 j - a wand of iceblast (4)
Scrolls
 d - a scroll of blinking
 g - a scroll of holy word
 p - 2 scrolls of fog
 q - a scroll of identify
Potions
 k - a potion of mutation
 o - a potion of magic
 t - a potion of degeneration {unknown}


   Skills:
 + Level 5.6 Fighting
 + Level 5.9 Polearms
 - Level 2.0 Throwing
 - Level 1.1 Armour
 + Level 5.6 Dodging
 + Level 5.0 Stealth
 - Level 4.0 Shields


You had 8 spell levels left.
You didn't know any spells.
Your spell library contained the following spells:

 Spells                   Type           Power      Damage    Failure   Level
 Animate Skeleton         Necr           0%         N/A       45%         1
 Pain                     Necr           0%         1d4       45%         1
 Summon Small Mammal      Summ           0%         N/A       45%         1
 Call Canine Familiar     Summ           0%         N/A       83%         3
 Summon Guardian Golem    Hex/Summ       0%         N/A       83%         3
 Vampiric Draining        Necr           0%         2d6       83%         3


Dungeon Overview and Level Annotations

Branches:
Dungeon (6/15)
 Temple: D:4-7

Altars:
Gozag
Ru

Shops:
D:5 ?


Innate Abilities, Weirdness & Mutations

You have a pair of small antennae on your head.
You are partially covered in thin metallic scales. (AC +2)
Your demonic aura sometimes causes spilled blood to erupt in flames.
You sometimes gain power by taking damage.


Message History

The hornet stings you!
You feel yourself slow down.
You barely miss the hornet.
The hornet is severely wounded.
You feel yourself speed up. You block the hornet's attack.
The hornet stings you but does no damage.
You closely miss the hornet.
The hornet is severely wounded.
You block the hornet's attack.
Unknown command.
You hit the hornet but do no damage.
The hornet is severely wounded.
The hornet stings you.
You are poisoned.
You suddenly lose the ability to move!
The hornet stings you.
You feel yourself slow down.
You feel very sick. The hornet stings you!
You focus on the pain.
You feel agile all of a sudden.
You feel as though you will be slow longer.
You feel very sick. The hornet stings you!
* * * LOW HITPOINT WARNING * * *
You feel as though you will be slow longer.
The hornet stings you!
* * * LOW HITPOINT WARNING * * *
You feel as though you will be slow longer.
You can move again.
You feel much better.
You feel sick. You block the hornet's attack. The hornet stings you!
* * * LOW HITPOINT WARNING * * *
You are lethally poisoned!
You feel as though you will be slow longer.
A red film seems to cover your vision as you go berserk!
You feel yourself moving faster!
You feel mighty!
* * * LOW HITPOINT WARNING * * *
You feel very sick. The hornet misses you. The hornet stings you!
You die...
Your body crumbles into a pile of gold.

#<.................#
+..................# ##
#.................#####.
#.....$...........##....
#.......................
#...##.####..##...##....
#######.##########'##....
...........#.......##...#
.<......@..#(......######
........y..#........#
#....##...##.......##
#+### ##############


You could see a hornet.

Vanquished Creatures
  Pikel (D:4)
  The ghost of Strat the Slicer, a novice MfBr of Dithmenos (D:5)
  Grinder (D:5)
  A steam dragon (D:4)
  Eustachio (D:5)
  An ice beast (D:6)
  A centaur (D:5)
  Blork the orc (D:4)
  A bullfrog (D:6)
  A scorpion (D:5)
  A water moccasin skeleton (D:5)
  2 hounds (D:5)
  2 orc priests (D:4)
  3 iguanas
  2 orc wizards (D:4)
  A killer bee zombie (D:5)
  A hound skeleton (D:4)
  A howler monkey zombie (D:5)
  3 adders
  10 gnolls
  A white imp (D:5)
  2 worms
  A dart slug (D:4)
  4 orcs
  5 ball pythons
  3 endoplasms
  A giant cockroach (D:1)
  8 hobgoblins
  5 jackals
  5 kobolds
  3 quokkas
  4 bats (D:1)
  2 frilled lizards (D:1)
  5 goblins
  2 rats (D:1)
87 creatures vanquished.

Notes
Turn   | Place    | Note
-------+----------+-------------------------------------------
     0 | D:1      | Zonian the Demonspawn Gladiator began the quest for the
                  | Orb.
     0 | D:1      | Reached XP level 1. HP: 16/16 MP: 1/1
   138 | D:1      | Gained mutation: Your demonic aura sometimes causes spilled
                  | blood to erupt in flames. [demonic ancestry]
   138 | D:1      | Reached XP level 2. HP: 22/22 MP: 2/2
   348 | D:1      | Found a faded altar of an unknown god.
   835 | D:2      | Reached XP level 3. HP: 27/27 MP: 3/3
  1884 | D:3      | Reached skill level 1 in Armour
  2132 | D:4      | Identified a scroll of acquirement
  2132 | D:4      | Acquired a +1 buckler of fire resistance
  2793 | D:4      | Gained mutation: You have a pair of small antennae on your
                  | head. [demonic ancestry]
  2793 | D:4      | Reached XP level 4. HP: 28/34 MP: 4/4
  2799 | D:4      | Reached skill level 1 in Stealth
  2799 | D:4      | Reached skill level 1 in Shields
  2799 | D:4      | Gained mutation: You sometimes gain a little power by
                  | taking damage. [demonic ancestry]
  2799 | D:4      | Reached XP level 5. HP: 24/39 MP: 5/5
  2944 | D:4      | Noticed Blork the orc
  3257 | D:4      | Noticed a lemure
  3261 | D:4      | Noticed a lemure
  3262 | D:4      | Noticed Pikel
  3488 | D:4      | Killed Blork the orc
  4009 | D:4      | Noticed a lemure
  4009 | D:4      | Noticed a lemure
  4319 | D:4      | Reached XP level 6. HP: 47/47 MP: 6/6
  4420 | D:4      | Noticed a steam dragon
  4435 | D:5      | Entered Level 5 of the Dungeon
  4839 | D:4      | Killed Pikel
  4840 | D:4      | Gained mutation: You sometimes gain power by taking damage.
                  | [demonic ancestry]
  4840 | D:4      | Reached XP level 7. HP: 54/54 MP: 7/7
  5668 | D:4      | Killed a steam dragon
  5669 | D:4      | Gained mutation: You are partially covered in thin metallic
                  | scales. (AC +2) [demonic ancestry]
  5669 | D:4      | Reached XP level 8. HP: 14/61 MP: 8/8
  6836 | D:5      | Reached skill level 5 in Polearms
  6989 | D:5      | Found a sacrificial altar of Ru.
  7017 | D:5      | Noticed Eustachio
  7036 | D:5      | Killed Eustachio
  7388 | D:5      | Found an opulent altar of Gozag.
  7446 | D:5      | Found Ciurir's Magic Scroll Boutique.
  7506 | D:5      | Became a worshipper of Gozag Ym Sagoz the Greedy
  7523 | D:5      | Bought a scroll of fog for 20 gold pieces
  7523 | D:5      | Bought a scroll of blinking for 75 gold pieces
  7534 | D:5      | Noticed Grinder
  7537 | D:5      | Paralysed by Grinder for 7 turns
  7556 | D:5      | Killed Grinder
  7557 | D:5      | Reached skill level 5 in Fighting
  7557 | D:5      | Reached skill level 5 in Dodging
  7696 | D:5      | Found a runed translucent door.
  7697 | D:5      | Noticed Strat's ghost (novice MfBr)
  7729 | D:5      | Killed Strat's ghost
  8027 | D:6      | Reached XP level 9. HP: 49/68 MP: 9/9
  8355 | D:6      | Noticed a boulder beetle
  8392 | D:6      | Reached skill level 5 in Stealth
  8591 | D:6      | Paralysed by a hornet for 3 turns
  8595 | D:6      | Slain by a hornet

Illustrated notes

Levels and vault maps discovered:
D:1:      dpeg_arrival_orchard, layout_loops_ring,
          hellmonk_ecumenical_altar_zigzags
D:2:      layout_basic
D:3:      layout_loops_cross, minmay_crystal_water
D:4:      layout_layer_cave, grunt_decor_junction, minmay_misc_feat_chi,
          uniq_blork_the_orc, uniq_pikel
D:5:      layout_gridville, nicolae_gozag_seed_capital, kennysheep_mini,
          gammafunk_ghost_grave, serial_shops, kennysheep_mini_moat,
          uniq_eustachio, uniq_grinder
D:6:      minmay_chambers_of_threes, layout_gridville

Skill      XL: |  1  2  3  4  5  6  7  8  9 |
---------------+----------------------------+-----
Polearms       | 3 4 5 |  5.9
Dodging        | 3 4 5 |  5.6
Throwing       | 2 |  2.0
Armour         | 1 |  1.1
Stealth        | 1 2 3 4 5 |  5.0
Shields        | 1 3 4 |  4.0
Fighting       | 3 4 5 |  5.6

Action                   |  1- 3 |  4- 6 |  7- 9 || total
-------------------------+-------+-------+-------++-------
Melee: Trident           |   104 |    85 |   185 ||   374
Throw: Throwing net      |       |     4 |     2 ||     6
Evoke: Wand              |       |     1 |     6 ||     7
  Use: Scroll            |     7 |       |     7 ||    14
       Potion            |       |       |     6 ||     6
 Stab: Sleeping          |     2 |       |     4 ||     6
       Held in net/web   |       |     1 |       ||     1
Armor: Leather armour    |    27 |    18 |    32 ||    77
Dodge: Dodged            |    59 |    49 |   101 ||   209
Block: Buckler           |     5 |    35 |    47 ||    87

Table legend: (Time is in decaauts)
 A = Elapsed time spent in this place.
 B = Non-inter-level travel time spent in this place.
 C = Inter-level travel time spent in this place.
 D = Time resting spent in this place.
 E = Time spent auto-exploring this place.
 F = Levels seen in this place.
 G = Mean time per level.
                   A        B        C        D        E       F      G
               +--------+--------+--------+--------+--------+-----+--------+
         Total |   8641 |   8461 |    180 |   3538 |   3486 |   6 | 1440.2 |
       Dungeon |   8641 |   8461 |    180 |   3538 |   3486 |   6 | 1440.2 |
               +--------+--------+--------+--------+--------+-----+--------+

Top non-repeatable levels by time:
     D:4: 2757 daAuts
     D:5: 2135 daAuts
     D:3: 1656 daAuts
     D:2: 749 daAuts
     D:1: 747 daAuts
     D:6: 595 daAuts
